 Dungeon Crawl Stone Soup version 0.17.1-1-g73c8601 (webtiles) character file.

345 abixa the Cudgeler (level 6, -3/67 HPs)
             Began as an Ogre Skald on Jan 4, 2016.
             Was an Initiate of Okawaru.
             Splashed by a jelly's acid (9 damage)
             ... on level 6 of the Dungeon.
             The game lasted 00:14:29 (4545 turns).

abixa the Cudgeler (Ogre Skald)                     Turns: 4545, Time: 00:14:29

Health: -3/67      AC: -12   Str: 18    XL:     6   Next: 58%
Magic:  3/9        EV:  9    Int: 13    God:    Okawaru [......]
Gold:   215        SH:  0    Dex:  9    Spells: 2 memorised, 6 levels left

rFire  . . .     SeeInvis .     a - +0 mace
rCold  . . .     Clarity  .     b - +0 robe
rNeg   . . .     SustAt   .     (no shield)
rPois  .         Gourm    +     (helmet restricted)
rElec  .         Spirit   .     w - +0 cloak
rCorr  .         Warding  .     (gloves unavailable)
rMut   .         Stasis   .     (boots unavailable)
MR     .....                    i - amulet of the gourmand
Stlth  +.........               (no ring)
                                (no ring)

@: infused (expiring), corroded equipment, heavily drained, not resistant to
hostile enchantments, very unstealthy
A: unfitting armour, tough skin 1
a: Renounce Religion


You were on level 6 of the Dungeon.
You worshipped Okawaru.
Okawaru was noncommittal.
You were very full.

You visited 1 branch of the dungeon, and saw 6 of its levels.
You also visited: Sewer.

You collected 215 gold pieces.

Inventory:

Hand Weapons
 a - a +0 mace (weapon)
Missiles
 e - 3 needles of sleeping
 B - 16 sling bullets
 C - 4 large rocks (quivered)
 F - 18 poisoned needles
Armour
 b - a +0 robe (worn)
 w - a +0 cloak (worn)
Jewellery
 f - an uncursed ring of ice
 i - an amulet of the gourmand (around neck)
Wands
 r - a wand of random effects (24)
Scrolls
 g - 3 scrolls of remove curse {unknown}
 h - 3 scrolls of teleportation {unknown}
 j - 2 scrolls of enchant armour {unknown}
 k - a scroll of noise {unknown}
 m - a scroll of magic mapping {unknown}
 n - 3 scrolls of immolation {unknown}
 p - 2 scrolls of identify {unknown}
 s - a scroll of blinking {unknown}
 u - 3 scrolls of random uselessness {unknown}
 y - a scroll of recharging {unknown}
 D - a scroll of fog {unknown}
Potions
 o - a potion of brilliance {unknown}
 q - a potion of agility {unknown}
 v - 2 potions of curing {unknown}
 x - a potion of heal wounds {unknown}
 z - 2 potions of flight {unknown}
 A - 3 potions of poison {unknown}
 E - a potion of haste {unknown}
Books
 c - a book of Battle

   Spells                             Type                      Level
   a - Infusion                       Charms                       1
   b - Shroud of Golubria             Charms/Translocation         2
   c - Song of Slaying                Charms                       2
   d - Spectral Weapon                Hexes/Charms                 3
   e - Regeneration                   Charms/Necromancy            3
 l - a book of Hinderance

   Spells                             Type                      Level
   a - Confusing Touch                Hexes                        2
   b - Confuse                        Hexes                        3
   c - Gell's Gravitas                Hexes/Translocation          3
   d - Petrify                        Transmutation/Earth          4
   e - Metabolic Englaciation         Hexes/Ice                    5
Comestibles
 d - 5 bread rations
 t - 3 meat rations


   Skills:
 + Level 5.9(4.1) Fighting
 + Level 7.2(5.3) Maces & Flails
 - Level 1.3(0.0) Dodging
 - Level 2.4(0.8) Spellcasting
 - Level 2.1(0.6) Charms


You had 6 spell levels left.
You knew the following spells:

 Your Spells              Type           Power        Failure   Level  Hunger
a - Infusion              Chrm           #.....       24%         1    ##.....
b - Song of Slaying       Chrm           #.......     38%         2    ###....


Dungeon Overview and Level Annotations

Branches:
Dungeon (6/15)
 Temple: D:4-7

Altars:
Ashenzari
Kikubaaqudgha
Okawaru
Sif Muna
Trog
The Shining One

Shops:
D:4 }   D:5 *

Annotations:
D:4 Edmund


Innate Abilities, Weirdness & Mutations

You are too large for most types of armour.
You have tough skin (AC +1).


Message History

You hit the jelly.
Your hands burn!
The jelly is severely wounded.
The jelly hits you.
You are splashed with acid!
The acid burns!
You barely miss the jelly.
The jelly is severely wounded.
The jelly hits you.
* * * LOW HITPOINT WARNING * * *
You are splashed with acid!
The acid corrodes you!
The acid burns!
* * * LOW HITPOINT WARNING * * *
You hit the jelly.
Your hands burn!
* * * LOW HITPOINT WARNING * * *
The jelly is almost dead.
The jelly completely misses you.
You hit the jelly.
Your hands burn!
* * * LOW HITPOINT WARNING * * *
The jelly is almost dead.
The jelly hits you.
* * * LOW HITPOINT WARNING * * *
You are splashed with acid!
The acid corrodes you!
The acid burns!
You die...

...# ...
...#...#
..._...#
#..#..#
#..#..#
######.###.###
#....J.###....
####@###.##
#<........#
#########.#


You could see a jelly.

Vanquished Creatures
  A big kobold (Sewer)
  A hound (D:5)
  A centaur zombie (D:5)
  A jelly (D:5)
  A worker ant (D:5)
  6 adders
  A river rat (Sewer)
  An ooze (D:3)
  A worm (D:2)
  An adder skeleton (D:4)
  2 giant geckos
  4 orcs
  9 bats
  12 goblins
  8 hobgoblins
  4 jackals
  3 quokkas
  5 giant cockroaches
  5 giant newts
  A jackal skeleton (D:5)
  8 kobolds
  16 rats
92 creatures vanquished.

Notes
Turn   | Place    | Note
--------------------------------------------------------------
     0 | D:1      | abixa the Ogre Skald began the quest for the Orb.
     0 | D:1      | Reached XP level 1. HP: 22/22 MP: 3/3
    75 | D:1      | Reached skill level 3 in Maces & Flails
   123 | D:1      | Reached XP level 2. HP: 13/29 MP: 1/5
   270 | D:1      | Learned a level 2 spell: Song of Slaying
   374 | D:1      | Reached skill level 4 in Maces & Flails
   652 | D:1      | Reached XP level 3. HP: 13/36 MP: 3/6
  1192 | D:2      | Reached skill level 5 in Maces & Flails
  1236 | D:2      | Found an ancient bone altar of Kikubaaqudgha.
  1466 | D:2      | Reached XP level 4. HP: 38/45 MP: 7/7
  1527 | D:2      | Found a glowing golden altar of the Shining One.
  1553 | D:2      | Found a shattered altar of Ashenzari.
  2006 | D:3      | Found a deep blue altar of Sif Muna.
  2492 | D:4      | Noticed Edmund
  2683 | D:4      | Found a glowing drain.
  2730 | Sewer    | Entered a sewer
  2735 | Sewer    | Reached XP level 5. HP: 49/54 MP: 3/8
  2878 | Sewer    | Noticed a big kobold
  2908 | Sewer    | Killed a big kobold
  2908 | Sewer    | Reached skill level 6 in Maces & Flails
  3165 | Sewer    | Found a glowing silver altar of Zin.
  3223 | D:4      | Reached skill level 5 in Fighting
  3237 | D:4      | Found Antiniel's Gadget Shoppe.
  3290 | D:4      | Found a bloodstained altar of Trog.
  3553 | D:4      | Noticed an ogre
  3689 | D:5      | Entered Level 5 of the Dungeon
  3694 | D:5      | Reached XP level 6. HP: 64/66 MP: 7/9
  3716 | D:5      | Found Hoakkaing's Elemental Accessories.
  3887 | D:5      | Reached skill level 7 in Maces & Flails
  3950 | D:5      | Found an iron altar of Okawaru.
  3955 | D:5      | Became a worshipper of Warmaster Okawaru
  4172 | D:5      | Noticed a water moccasin
  4219 | D:6      | HP: 3/67 [poisoned by a water moccasin]
  4534 | D:6      | Found a shattered altar of Ashenzari.
  4545 | D:6      | Splashed by a jelly's acid

Action                   |  1- 3 |  4- 6 || total
-------------------------+-------+-------++-------
Melee: Mace              |   127 |   211 ||   338
 Cast: Infusion          |     8 |    16 ||    24
       Song of Slaying   |       |     1 ||     1
Evoke: Wand              |       |     3 ||     3
 Stab: Sleeping          |       |     1 ||     1
  Eat: Chunk             |     2 |    18 ||    20
